 Dungeon Crawl Stone Soup version 0.30-b1-2-g02819fbbbe (webtiles) character file.

Game seed: 12545136631715233324

577 antidepressant22 the Digger (level 7, -6/40 HPs)
             Began as a Gargoyle Earth Elementalist on Dec 7, 2023.
             Was an Initiate of Makhleb.
             Mangled by a komodo dragon (12 damage)
             ... on level 5 of the Dungeon.
             The game lasted 00:23:18 (5781 turns).

antidepressant22 the Digger (GrEE)                  Turns: 5781, Time: 00:23:19

Health: -6/40      AC: 11    Str: 11    XL:     7   Next: 35%
Magic:  14/14      EV: 12    Int: 18    God:    Makhleb [......]
Gold:   260        SH:  0    Dex: 10    Spells: 12/15 levels left

rFire   . . .        y - +1 dagger (speed)
rCold   . . .        (no shield)
rNeg    + . .        m - +2 robe {Will+}
rPois   ∞            (no helmet)
rElec   +            (no cloak)
rCorr   .            A - +0 pair of gloves
SInv    .            o - +0 pair of boots
Will    +....        (no amulet)
Stlth   ++           (no ring)
HPRegen 0.26/turn    (no ring)
MPRegen 0.14/turn

%: no passive effects
@: no status effects
A: sickness immunity, AC +4, negative energy resistance 1, electricity
resistance, torment resistance 1, petrification resistance
a: Renounce Religion


You were on level 5 of the Dungeon.
You worshipped Makhleb.
Makhleb was noncommittal.
You visited 2 branches of the dungeon, and saw 6 of its levels.

You collected 260 gold pieces.

Inventory:

Hand Weapons
 d - a +0 short sword
 y - a +1 dagger of speed (weapon)
Missiles
 B - a throwing net
Armour
 m - a +2 robe of willpower (worn)
 o - a +0 pair of boots (worn)
 A - a +0 pair of gloves (worn)
Magical Staves
 g - a staff of fire
Scrolls
 a - a scroll of noise {unknown}
 f - a scroll of fear {unknown}
 h - a scroll of blinking {unknown}
 i - 3 scrolls of identify {unknown}
 k - 2 scrolls of enchant armour {unknown}
 n - a scroll of magic mapping {unknown}
 p - 2 scrolls of amnesia {unknown}
 r - a scroll of immolation {unknown}
 v - a scroll of fog {unknown}
 x - 3 scrolls of teleportation {unknown}
Potions
 b - a potion of magic
 c - 2 potions of heal wounds {unknown}
 e - a potion of invisibility {unknown}
 j - 3 potions of curing {unknown}
 l - 2 potions of degeneration {unknown}
 q - a potion of might {unknown}
 s - a potion of brilliance {unknown}
 t - a potion of berserk rage {unknown}
 u - a potion of ambrosia {unknown}
 w - a potion of lignification {unknown}
 z - a potion of attraction {unknown}


   Skills:
 * Level 2.3 Fighting
 - Level 0.1 Staves
 * Level 3.2 Armour
 - Level 2.0 Dodging
 + Level 2.8 Stealth
 * Level 4.7 Spellcasting
 + Level 0.7 Transmutations
 + Level 5.8 Earth Magic


You had 12 spell levels left.
You knew the following spells:

 Your Spells              Type           Power      Damage    Failure   Level
a - Sandblast             Erth           50%        2d12      1%          1
b - Passwall              Tmut/Erth      12%        N/A       5%          2

Your spell library contained the following spells:

 Spells                   Type           Power      Damage    Failure   Level
 Stone Arrow              Conj/Erth      28%        3d8       13%         3
 Petrify                  Tmut/Erth      15%        N/A       34%         4


Dungeon Overview and Level Annotations

Branches:
Dungeon (5/15)             Temple (1/1) D:4

Altars:
Ashenzari
Cheibriados
Dithmenos
Elyvilon
Fedhas
Gozag
Hepliaklqana
Kikubaaqudgha
Makhleb
Nemelex Xobeh
Okawaru
Qazlal
Ru
Uskayaw
Xom
Yredelemnul
The Shining One

Annotations:
D:4 1 exclusion
D:5 exclusion: 4 doors


Innate Abilities, Weirdness & Mutations

You are immune to sickness and miasma.
Your stone body is resilient. (AC +4)
You are immune to poison.
You resist negative energy. (rN+)
You are resistant to electric shocks. (rElec)
You are resistant to unholy torment.
You are immune to petrification.


Message History

You see here a +0 dagger.
Things that are here:
a +0 whip; 3 stones
Things that are here:
a +0 club; a kobold skeleton The komodo dragon hisses angrily.
Casting: Sandblast (safe; 1% risk of failure)
Confirm with . or Enter, or press ? or * to list all spells.
Aiming: Sandblast (safe; 1% risk of failure)
Press: ? - help, Shift-Dir - straight line, f - komodo dragon
Aim: a komodo dragon (87% to hit)
The blast of sand hits the komodo dragon but does no damage.
You see here a +2 shortbow of electrocution.
Casting: Sandblast (safe; 1% risk of failure)
Confirm with . or Enter, or press ? or * to list all spells.
Aiming: Passwall (safe; 5% risk of failure)
Press: ? - help, Dir - move target, p - komodo dragon A rock wall.
You begin to meditate on the wall.
You continue meditating on the rock.
The komodo dragon closely misses you.
You continue meditating on the rock.
The komodo dragon bites you!
You continue meditating on the rock.
The komodo dragon bites you!
* * * LOW HITPOINT WARNING * * *
You finish merging with the rock.
Casting: Passwall (safe; 5% risk of failure)
Confirm with . or Enter, or press ? or * to list all spells.
Aiming: Sandblast (safe; 1% risk of failure)
Press: ? - help, Shift-Dir - straight line, f - komodo dragon
Aim: a komodo dragon (87% to hit)
The blast of sand hits the komodo dragon but does no damage.
The komodo dragon attacks as you move away!
The komodo dragon misses you.
The komodo dragon attacks as you move away!
The komodo dragon bites you!
* * * LOW HITPOINT WARNING * * *
The komodo dragon attacks as you move away!
The komodo dragon bites you!
You die...

.## ##......# #.# ..##
##.....#.# #.#
...###.....##.# #.#
###.#.##...##.######## #.#
##.##.....#.#......# #.#
###.#.........#.####.# #.#
...###..........# #.# #.#
###.#.........######.## #.#
##.##........l@.....# ###.#
###.....##<.######.# #...#
#.##.####[# #.# #.###
#.##.####.######.###.#
#.................##.#
#.##.####.........##.######
#.##.# #.................#
#.##.####.........#..####.#
#.##..............#..####.#


You could see a komodo dragon.

Vanquished Creatures
  Menkaure (D:4)
  A centaur (D:5)
  A kobold brigand (D:5)
  A scorpion (D:3)
  A hound (D:5)
  Jessica (D:2)
  An iguana (D:4)
  An orc wizard (D:4)
  3 adders
  An ufetubus (D:4)
  3 worms
  A dart slug (D:1)
  15 orcs
  4 endoplasms
  6 giant cockroaches
  7 goblins
  8 hobgoblins
  5 jackals
  5 quokkas
  5 ball pythons
  2 bats (D:1)
  2 frilled lizards
  12 kobolds
  4 rats
91 creatures vanquished.

Vanquished Creatures (others)
  10 plants (D:5)
10 creatures vanquished.

Grand Total: 101 creatures vanquished

Notes
Turn   | Place    | Note
-------+----------+-------------------------------------------
     0 | D:1      | antidepressant22 the Gargoyle Earth Elementalist began the
                  | quest for the Orb.
     0 | D:1      | Reached XP level 1. HP: 10/10 MP: 3/3
   188 | D:1      | Reached XP level 2. HP: 15/15 MP: 1/5
   296 | D:1      | Reached skill level 4 in Earth Magic
   887 | D:2      | Noticed Jessica
   895 | D:2      | Killed Jessica
   896 | D:2      | Reached skill level 1 in Armour
   896 | D:2      | Reached XP level 3. HP: 3/19 MP: 2/6
  1336 | D:2      | Reached XP level 4. HP: 24/24 MP: 5/7
  2324 | D:3      | Found a faded altar of an unknown god.
  2324 | D:3      | Found an opulent altar of Gozag.
  2332 | D:3      | Found a stormy altar of Qazlal.
  2334 | D:3      | Found a faded altar of an unknown god.
  2336 | D:3      | Found an ancient bone altar of Kikubaaqudgha.
  3009 | D:4      | Reached skill level 1 in Fighting
  3025 | D:4      | Reached XP level 5. HP: 29/29 MP: 6/9
  3050 | D:4      | Noticed a black bear
  3128 | D:4      | Found a staircase to the Ecumenical Temple.
  3156 | D:4      | Identified the +1 war axe of Sunlight {freeze, Str+2}
  3514 | D:5      | Entered Level 5 of the Dungeon
  3521 | D:5      | Noticed a centaur
  3521 | D:5      | Noticed a komodo dragon
  3696 | D:4      | Noticed Menkaure
  3744 | D:3      | Reached skill level 5 in Earth Magic
  4141 | D:4      | Reached XP level 6. HP: 34/34 MP: 9/11
  4310 | D:4      | Killed Menkaure
  4382 | Temple   | Entered the Ecumenical Temple
  4541 | Temple   | Became a worshipper of Makhleb the Destroyer
  4852 | D:5      | Reached XP level 7. HP: 6/40 MP: 10/13
  5049 | D:5      | Learned a level 2 spell: Passwall
  5781 | D:5      | Mangled by a komodo dragon

Illustrated notes

Levels and vault maps discovered:
D:1:      dpeg_arrival_tiny_a, layout_loops_ring, serial_park_tiny_pond
D:2:      layout_loops_corners, minmay_misc_feat_square, minmay_pentomino_v2,
          uniq_jessica
D:3:      layout_loops_ring, chequers_temple_overflow_minitemple
D:4:      minmay_thinvault, layout_basic, minmay_temple_entry_slanted,
          uniq_menkaure
D:5:      kennysheep_big_flooded_room, layout_loops_ring,
          lexackson_kobold_supper
Temple:   jpeg_temple_clearing

Skill      XL: |  1  2  3  4  5  6 |
---------------+-------------------+-----
Dodging        | 2 |  2.0
Earth Magic    | 4 5 |  5.8
Armour         | 1 2 3 |  3.2
Fighting       | 1 2 |  2.3
Spellcasting   | 3 4 |  4.7
Staves         | |  0.1
Stealth        | |  2.8
Transmutations | |  0.7

Action                     |  1- 3 |  4- 6 |  7- 9 || total
---------------------------+-------+-------+-------++-------
  Melee: Short sword       |     4 |       |       ||     4
         Staff             |    54 |    49 |       ||   103
         Punch             |     1 |       |       ||     1
         Dagger            |       |    42 |     2 ||    44
   Cast: Sandblast         |    24 |    84 |    23 ||   131
         Passwall          |       |       |     1 ||     1
 Armour: Robe              |    28 |    47 |     7 ||    82
  Dodge: Dodged            |    50 |    82 |     6 ||   138
